 Dungeon Crawl Stone Soup version 0.21.1-1-g345015fe64 (webtiles) character file.

51 Ivernyr the Charmwright (level 3, -2/28 HPs)
             Began as a Demonspawn Skald on Apr 30, 2018.
             Slain by a gnoll
             ... wielding a +0 whip
              (6 damage)
             ... on level 1 of the Dungeon.
             The game lasted 00:02:22 (1270 turns).

Ivernyr the Charmwright (Demonspawn Skald)          Turns: 1270, Time: 00:02:22

Health: -2/28      AC:  3    Str: 11    XL:     3   Next: 58%
Magic:  3/6        EV: 12    Int: 14    God:
Gold:   43         SH:  0    Dex: 13    Spells: 1/6 levels left

rFire    . . .     SeeInvis .   a - +0 falchion
rCold    . . .     Gourm    .   (no shield)
rNeg     . . .     Faith    .   b - +0 leather armour
rPois    .         Spirit   .   (no helmet)
rElec    .         Reflect  .   (no cloak)
rCorr    .         Harm     .   (no gloves)
MR       .....                  (no boots)
Stlth    +.........             (no amulet)
HPRegen  0.09/turn              (no ring)
MPRegen  0.10/turn              (no ring)

@: singing
A: hooves 2
a: no special abilities


You were on level 1 of the Dungeon.
You were hungry.

You visited 1 branch of the dungeon, and saw 2 of its levels.

You collected 43 gold pieces.

Inventory:

Hand Weapons
 a - a +0 falchion (weapon)
Armour
 b - a +0 leather armour (worn)
Jewellery
 g - an uncursed ring of see invisible {unknown}
Scrolls
 f - 2 scrolls of teleportation {unknown}
 h - 2 scrolls of enchant weapon {unknown}
 j - a scroll of remove curse {unknown}
 l - a scroll of noise {unknown}
Potions
 e - a potion of might {unknown}
 i - a potion of agility {unknown}
 k - a potion of cancellation {unknown}
Books
 c - a book of Battle

   Spells                             Type                      Level
   a - Infusion                       Charms                       1
   b - Shroud of Golubria             Charms/Translocation         2
   c - Song of Slaying                Charms                       2
   d - Spectral Weapon                Hexes/Charms                 3
   e - Regeneration                   Charms/Necromancy            3
Comestibles
 d - 3 rations


   Skills:
 + Level 2.4 Fighting
 + Level 2.2 Long Blades
 * Level 2.1 Armour
 - Level 1.7 Dodging
 - Level 2.0 Spellcasting
 + Level 3.0 Charms


You had one spell level left.
You knew the following spells:

 Your Spells              Type           Power        Failure   Level  Hunger
a - Shroud of Golubria    Chrm/Tloc      #.........   26%         2    ###....
b - Song of Slaying       Chrm           #.......     13%         2    ###....
c - Infusion              Chrm           #...         9%          1    ##.....


Dungeon Overview and Level Annotations

Branches:
Dungeon (2/15)

Altars:


Innate Abilities, Weirdness & Mutations

You have hoof-like feet.


Message History

The gnoll is heavily wounded.
You are feeling hungry.
The gnoll hits you with a whip! The gnoll hits you with a spear.
The gnoll hits you with a whip!
* * * LOW HITPOINT WARNING * * *
You closely miss the gnoll. You kick the gnoll.
The gnoll is heavily wounded.
The gnoll closely misses you.
You riposte.
You hit the gnoll.
You kill the gnoll!
The gnoll barely misses you.
You riposte.
You hit the gnoll but do no damage. You hit the gnoll.
You kick the gnoll, but do no damage.
The gnoll is lightly wounded.
The gnoll barely misses you.
You hit the gnoll but do no damage.
The gnoll is lightly wounded.
The gnoll barely misses you.
You hit the gnoll.
The gnoll is moderately wounded.
The gnoll hits you with a whip.
You die...

..# #.#########. ..#
########........... ###
#.......#####...##. #.......#
#...#.. #.......# #...#..
#.......# ##.<.#.. #########
##'...### ## #g).# #.#####(. .##
#.@.## #####'####.# ..##
#...'###'.........# ...#
#...#...#.........# #..#
#...#####.........# ##.## #####
#...#######+#
##..#################.#..........
#.............(.#.....#...#......
................#.#######.#......
.#.....................##...†....


You could see a gnoll.

Vanquished Creatures
  2 gnolls (D:1)
  A dart slug (D:1)
  2 leopard geckos
  3 bats (D:1)
  6 hobgoblins
  3 jackals (D:1)
  4 kobolds (D:1)
  3 frilled lizards (D:1)
  2 goblins (D:1)
  3 rats (D:1)
29 creatures vanquished.

Notes
Turn   | Place    | Note
-------+----------+-------------------------------------------
     0 | D:1      | Ivernyr the Demonspawn Skald began the quest for the Orb.
     0 | D:1      | Reached XP level 1. HP: 16/16 MP: 3/3
    11 | D:1      | Reached skill level 1 in Armour
    39 | D:1      | Gained mutation: You have large cloven feet. [demonic ancestry]
    39 | D:1      | Reached XP level 2. HP: 15/22 MP: 1/5
   564 | D:1      | Gained mutation: You have hoof-like feet. [demonic ancestry]
   564 | D:1      | Reached XP level 3. HP: 27/28 MP: 6/6
   629 | D:1      | Reached skill level 3 in Charms
   819 | D:1      | Learned a level 2 spell: Song of Slaying
   822 | D:1      | Learned a level 2 spell: Shroud of Golubria
  1270 | D:1      | Slain by a gnoll

Skill      XL: |  1  2  3 |
---------------+----------+-----
Armour         | 1 2 |  2.1
Long Blades    | 2 |  2.2
Charms         | 3 |  3.0
Fighting       | |  2.4
Dodging        | |  1.7
Spellcasting   | |  2.0

Action                   || total
-------------------------++-------
Melee: Falchion          ||    70
       Kick              ||    17
 Cast: Infusion          ||     1
       Shroud of Golubri ||     2
       Song of Slaying   ||     1
  Eat: Chunk             ||     1
Armor: Leather armour    ||    28
Dodge: Dodged            ||    72
       Rpst.: Falchion   ||    20
